 Dungeon Crawl Stone Soup version 0.17-a0-1020-ge683cc4 (webtiles) character file.

6587 PhynixH2O the Grappler (level 11, 0/94 HPs)
             Began as a Ghoul Gladiator on May 13, 2015.
             Was a High Priest of Makhleb.
             Slain by an orc
             ... wielding a +0 mace
              (1 damage)
             ... on level 1 of the Orcish Mines on May 14, 2015.
             The game lasted 01:18:25 (11411 turns).

PhynixH2O the Grappler (Ghoul Gladiator)           Turns: 11411, Time: 01:18:25

Health: 0/94       AC: 15    Str: 27    XL:     11   Next: 2%
Magic:  13/13      EV: 10    Int:  3    God:    Makhleb [*****.]
Gold:   476        SH:  0    Dex: 10    Spells: 0 memorised, 14 levels left

rFire  + + .     SeeInvis .       - Unarmed
rCold  . . .     Clarity  .     y - +0 plate armour
rNeg   + + +     SustAb   .     (no shield)
rPois  ∞         Gourm    +     b - +0 helmet
rElec  .         Spirit   .     c - +0 cloak
rCorr  .         Warding  .     (no gloves)
rMut   .         Stasis   .     (no boots)
MR     .....                    e - amulet of the gourmand
Stlth  ..........               a - ring of fire
                                G - ring of protection from fire

@: mighty, rotting, not resistant to hostile enchantments, extremely unstealthy
A: rotting body, claws 1, carnivore 3, cold resistance 1, negative energy
resistance 3, slow healing 1, torment resistance, unbreathing
a: Minor Destruction, Lesser Servant of Makhleb, Major Destruction, Greater
Servant of Makhleb, Renounce Religion


You were on level 1 of the Orcish Mines.
You worshipped Makhleb.
Makhleb was extremely pleased with you.
You were not hungry.

You visited 3 branches of the dungeon, and saw 11 of its levels.

You collected 476 gold pieces.

Inventory:

Missiles
 h - 2 silver tomahawks (quivered)
Armour
 b - a +0 helmet (worn)
 c - a +0 cloak (worn)
 r - a cursed -1 shield
 y - a +0 plate armour (worn)
Jewellery
 a - a ring of fire (right claw)
 e - an amulet of the gourmand (around neck)
 w - an uncursed ring of see invisible
 G - a ring of protection from fire (left claw)
Magical devices
 i - a wand of disintegration (15)
 t - a wand of lightning (9)
 D - a wand of cold (3)
 F - a wand of enslavement (13)
 H - a wand of slowing (44)
 I - a wand of paralysis (13)
Scrolls
 f - 6 scrolls of remove curse
 g - a scroll of fog
 k - 5 scrolls of identify
 l - 2 scrolls of noise
 q - 3 scrolls of amnesia
 u - 3 scrolls of enchant weapon
Potions
 s - 2 potions of flight
 z - 2 potions of magic
 A - a potion of might
 C - a potion of brilliance
 E - a potion of curing {unknown}
Books
 p - an Akashic Record {highlevel}

   This book is beyond your current level of understanding.

   Spells                             Type                      Level
   a - Dispersal                      Translocation                6
   b - Controlled Blink               Translocation                7
   c - Malign Gateway                 Summoning/Translocation      7
   d - Disjunction                    Translocation                8
   e - Singularity                    Translocation                9
Comestibles
 d - 4 meat rations
 o - 2 slices of pizza
 v - 3 beef jerkies
 x - 7 royal jellies
 J - 19 chunks of flesh


   Skills:
 + Level 8.0 Fighting
 - Level 2.6 Throwing
 + Level 6.5 Armour
 + Level 8.0 Dodging
 + Level 10.6 Unarmed Combat
 * Level 2.0 Spellcasting
 - Level 1.0 Invocations


You had 14 spell levels left.
You didn't know any spells.

Dungeon Overview and Level Annotations

Branches:
Dungeon (9/15)             Temple (1/1) D:5            Lair (0/8) D:9
    Orc (1/4) D:9

Altars:
Ashenzari
Cheibriados
Dithmenos
Elyvilon
Fedhas
Gozag
Kikubaaqudgha
Makhleb
Nemelex Xobeh
Okawaru
Qazlal
Ru
Sif Muna
Trog
Vehumet
Xom
Yredelemnul
Zin
The Shining One
Beogh


Innate Abilities, Weirdness & Mutations

Your body is rotting away.
You thrive on raw meat.
You are immune to poison.
You have sharp fingernails.
You are carnivorous and can eat meat at any time.
Your flesh is cold resistant.
You are immune to negative energy.
You heal slowly when monsters are visible.
You are immune to unholy pain and torment.
You can survive without breathing.


Message History

* * * LOW HITPOINT WARNING * * *
The orc closely misses you. x2
You barely miss the orc. The orc warrior hits you with a flail!
* * * LOW HITPOINT WARNING * * *
The orc hits you but does no damage. The orc priest barely misses you.
The orc warrior hits you with a scimitar!
* * * LOW HITPOINT WARNING * * *
The orc barely misses you.
Evoke which item? (* to show all) (? for menu, Esc to quit)
Okay, then.
The orc hits you but does no damage. The orc warrior hits you with a flail.
* * * LOW HITPOINT WARNING * * *
The orc barely misses you. The orc priest barely misses you.
The orc hits you but does no damage.
The orc warrior hits you but does no damage.
You climb downwards.
Welcome to the Orcish Mines! 2 orcs come into view.
The orc shouts!
The orc hits you but does no damage. The orc hits you with a mace.
You die...

### ##.###
##..(.##
##.#....# ##
#.ooo#.# ##.#
##o@o.# #...#
##ooo##
##.#$####.gog.##
#......#.o.....#
#....#.o...##
.##o...o.###
..............#
.#....o........#
##......#....##


You could see 2 orc warriors, 3 orc priests, 9 orcs, a hobgoblin and a goblin.

Vanquished Creatures
  Joseph (D:8)
  A queen bee (D:8)
  8 orc warriors
  A phantom (D:5)
  An ice beast (D:7)
  2 sky beasts
  A wasp (D:9)
  A necrophage (D:8)
  8 ogres
  A centaur (D:9)
  2 big kobolds
  A wyvern zombie (D:8)
  3 giant frogs
  28 killer bees
  A scorpion (D:9)
  5 wights (D:8)
  5 jellies
  13 orc priests
  A giant frog zombie (D:8)
  2 centaur skeletons
  4 hounds
  4 crimson imps
  Ijyb (D:2)
  7 worker ants
  3 iguanas
  9 orc wizards
  2 killer bee zombies (D:9)
  A hound zombie (D:9)
  A hound skeleton (D:7)
  Robin (D:2)
  2 shadow imps
  12 adders
  3 gnolls (D:8)
  An ooze (D:4)
  An adder zombie (D:8)
  5 worms
  2 adder skeletons
  6 giant geckos
  88 orcs
  2 ball pythons
  A bat skeleton (D:5)
  A bat zombie (D:7)
  9 giant cockroaches
  9 hobgoblins
  14 jackals
  17 kobolds
  5 quokkas
  14 bats
  2 giant gecko skeletons
  9 giant newts
  20 goblins
  A jackal zombie (D:5)
  2 quokka skeletons (D:5)
  15 rats
360 creatures vanquished.

Vanquished Creatures (collateral kills)
  An orc (Orc:1)
1 creature vanquished.

Vanquished Creatures (others)
  An orange demon (D:8)
1 creature vanquished.

Grand Total: 362 creatures vanquished

Notes
Turn   | Place    | Note
--------------------------------------------------------------
     0 | D:1      | PhynixH2O the Ghoul Gladiator began the quest for the Orb.
     0 | D:1      | Reached XP level 1. HP: 17/17 MP: 0/0
   433 | D:1      | Reached XP level 2. HP: 23/23 MP: 1/1
   777 | D:2      | Reached skill level 4 in Unarmed Combat
   794 | D:2      | Reached XP level 3. HP: 8/29 MP: 2/2
   836 | D:2      | Found an ancient bone altar of Kikubaaqudgha.
   915 | D:2      | Noticed Ijyb
   966 | D:2      | Killed Ijyb
   966 | D:2      | Reached XP level 4. HP: 22/36 MP: 3/3
  1201 | D:2      | Reached skill level 1 in Armour
  1254 | D:2      | Noticed Robin
  1296 | D:2      | Killed Robin
  1655 | D:3      | Reached XP level 5. HP: 42/42 MP: 4/4
  1950 | D:3      | Found a glowing golden altar of the Shining One.
  2015 | D:3      | Reached skill level 5 in Unarmed Combat
  2546 | D:4      | Reached XP level 6. HP: 46/46 MP: 5/5
  2713 | D:4      | Noticed an ogre
  2722 | D:4      | Killed an ogre
  2910 | D:4      | Reached XP level 7. HP: 44/56 MP: 6/6
  2982 | D:4      | Reached skill level 6 in Unarmed Combat
  3361 | D:4      | Found a shimmering altar of Xom.
  3576 | D:4      | Found a snail-covered altar of Cheibriados.
  3576 | D:4      | Found a burning altar of Makhleb.
  3583 | D:4      | Became a worshipper of Makhleb the Destroyer
  3684 | D:5      | Entered Level 5 of the Dungeon
  4016 | D:5      | Found a staircase to the Ecumenical Temple.
  4111 | D:5      | Reached XP level 8. HP: 56/65 MP: 7/7
  4168 | D:5      | Reached skill level 7 in Unarmed Combat
  4173 | D:5      | Acquired Makhleb's first power
  4173 | D:5      | Reached skill level 5 in Dodging
  4400 | D:5      | Found a bloodstained altar of Trog.
  4805 | D:6      | Reached skill level 5 in Fighting
  5005 | D:7      | Upgraded the game from 0.17-a0-1007-gb2305a1 to 0.17-a0-1020-ge683cc4
  5271 | D:7      | Reached skill level 8 in Unarmed Combat
  5425 | D:7      | Noticed a centaur skeleton
  5439 | D:7      | Killed a centaur skeleton
  5439 | D:7      | Reached XP level 9. HP: 73/75 MP: 8/8
  5671 | D:6      | Acquired Makhleb's second power
  5689 | D:6      | Found a blossoming altar of Fedhas.
  6897 | D:7      | Acquired Makhleb's third power
  6973 | D:7      | Reached skill level 9 in Unarmed Combat
  7761 | Temple   | Entered the Ecumenical Temple
  8015 | D:8      | Noticed Joseph
  8063 | D:8      | Killed Joseph
  8063 | D:8      | Reached skill level 5 in Armour
  8569 | D:8      | Reached XP level 10. HP: 84/84 MP: 9/9
  8954 | D:8      | Acquired Makhleb's fourth power
  9389 | D:9      | Reached skill level 10 in Unarmed Combat
  9410 | D:9      | Acquired Makhleb's fifth power
  9973 | D:9      | Reached skill level 1 in Invocations
 10096 | D:9      | Reached skill level 1 in Spellcasting
 10226 | D:9      | Found a roughly hewn altar of Beogh.
 10226 | D:9      | Found a staircase to the Orcish Mines.
 10480 | D:9      | Found a staircase to the Lair.
 10996 | D:9      | Found a white marble altar of Elyvilon.
 11136 | Orc:1    | Entered Level 1 of the Orcish Mines
 11197 | D:9      | Reached XP level 11. HP: 82/93 MP: 12/12
 11409 | D:9      | HP: 4/94 [orc warrior/scimitar (7)]
 11410 | D:9      | HP: 1/94 [orc warrior/flail (3)]
 11411 | Orc:1    | Slain by an orc

Vault maps used:
D:1:      mrwooster_arrival_statue
D:2:      overflow_temple_1_default, uniq_iyjb, uniq_robin
D:3:      first_bread, tso_altar
D:4:      old_standard_altar, gammafunk_temple_overflow_wave,
          kennysheep_generic_room_10
D:5:      overflow_temple_1_default, minmay_temple_entry_glassed_door
D:6:      overflow_temple_1_default, minmay_unpleasant_kobolds
D:7:      nicolae_ossuary_entry_false_entrances
D:8:      uniq_joseph
D:9:      lemuel_coloured_pillars_altar, lair_0_dummy, david_orc_5,
          david_nohive_1
Temple:   circular_temple_12
Orc:1:    serial_shops, nicolae_shop_statue_plus

Action                   |  1- 3 |  4- 6 |  7- 9 | 10-12 || total
-------------------------+-------+-------+-------+-------++-------
Melee: Unarmed           |   119 |   321 |   524 |   494 ||  1458
Throw: Throwing net      |     7 |     3 |       |       ||    10
       Tomahawk          |       |    12 |     9 |    12 ||    33
Invok: Lesser Servant of |       |       |     1 |     1 ||     2
       Minor Destruction |       |       |       |     3 ||     3
  Use: Scroll            |       |     7 |     4 |     1 ||    12
       Potion            |       |     7 |     7 |     2 ||    16
 Stab: Held in net/web   |       |     1 |       |       ||     1
       Invisible         |       |     1 |       |       ||     1
  Eat: Chunk             |    15 |    34 |    46 |    41 ||   136
